 Dungeon Crawl Stone Soup version 0.29.0-4-gdea44cf6ec (webtiles) character file.

Game seed: 1414285863085562938

77 qw the Chopper (level 4, -1/26 HPs)
             Began as a Tengu Warper on Aug 28, 2022.
             Was an Initiate of Okawaru.
             Slain by an orc
             ... wielding a +0 club
              (3 damage)
             ... on level 2 of the Dungeon.
             The game lasted 00:00:08 (1563 turns).

qw the Chopper (Tengu Warper)                       Turns: 1563, Time: 00:00:08

Health: -1/26      AC:  3    Str: 13    XL:     4   Next: 34%
Magic:  8/8        EV: 12    Int: 14    God:    Okawaru [......]
Gold:   6          SH:  0    Dex: 13    Spells: 7/7 levels left

rFire   . . .      SeeInvis .   Y - +0 hand axe
rCold   . . .      Faith    .   (no shield)
rNeg    . . .      Spirit   .   b - +0 leather armour
rPois   .          Reflect  .   (helmet restricted)
rElec   .          Harm     .   (no cloak)
rCorr   .          Rampage  .   (no gloves)
Will    .....                   (boots unavailable)
Stlth   +.........              (no amulet)
HPRegen 0.08/turn               (no ring)
MPRegen 0.11/turn               (no ring)

@: no status effects
A: beak, talons 3
a: Renounce Religion


You were on level 2 of the Dungeon.
You worshipped Okawaru.
Okawaru was noncommittal.
You visited 1 branch of the dungeon, and saw 2 of its levels.

You collected 42 gold pieces.
You spent 36 gold pieces at shops.


Innate Abilities, Weirdness & Mutations

You have a beak for a mouth.
You have claws for feet.


   Skills:
 - Level 2.0 Fighting
 + Level 4.9 Axes
 - Level 1.0 Throwing
 - Level 1.1 Armour
 - Level 2.1 Dodging
 - Level 2.0 Spellcasting
 - Level 2.4 Translocations


You had 7 spell levels left.
You didn't know any spells.
Your spell library contained the following spells:

 Spells                   Type           Power      Damage    Failure   Level
 Blink                    Tloc           16%        N/A       17%         2
 Gell's Gravitas          Tloc           8%         N/A       34%         3
 Lesser Beckoning         Tloc           8%         N/A       34%         3
 Teleport Other           Tloc           8%         N/A       34%         3
 Manifold Assault         Tloc           8%         N/A       97%         5

Inventory:

Hand Weapons
 c - a +0 mace
 Y - a +0 hand axe (weapon)
Armour
 b - a +0 leather armour (worn)
Scrolls
 a - 2 scrolls of identify
Potions
 d - a potion of degeneration {unknown}

Dungeon Overview and Level Annotations

Branches:
Dungeon (2/15)

Altars:
Okawaru

Shops:
D:2 (


Message History

Jessica hits you with a +0 dagger.
You barely miss Jessica. You claw Jessica.
Jessica is severely wounded.
Jessica casts a spell.
Jessica blinks!
Jessica mumbles something strange.
Jessica hits you with a +0 dagger.
You barely miss Jessica. You claw Jessica.
Jessica is severely wounded.
Jessica hits you with a +0 dagger.
You hit Jessica.
You kill Jessica!
Okawaru accepts your kill.
You have reached level 4!
You feel clever.
You hit the orc but do no damage. Your kick misses the orc. The orc misses you.
You hit the orc but do no damage. The orc completely misses you.
You hit the orc but do no damage. The orc hits you with a +0 club.
You barely miss the orc. Your peck misses the orc.
The orc hits you but does no damage.
You closely miss the orc. You claw the orc, but do no damage.
The orc hits you but does no damage.
You hit the orc.
The orc is moderately wounded.
The orc hits you with a +0 club.
You hit the orc. Your peck misses the orc.
The orc is heavily wounded.
The orc barely misses you.
You hit the orc but do no damage.
The orc is heavily wounded.
The orc barely misses you. The orc hits you with a +0 club.
You hit the orc but do no damage. Your kick misses the orc.
The orc is heavily wounded.
The orc hits you with a +0 club.
You barely miss the orc. You peck the orc.
The orc is severely wounded.
The orc hits you with a +0 club.
You die...

######## ..# #......#
...# #......### #...
#........## #...
#..>......##..#
#.........#..##
#(....._..#...#
#...%.........##
##########%)@o.......#
###...%###........#..#.#
##...##...............#
.#
##.)...########.#####..#
#.......# #.# ..#
#.%.\...# #.# ###
#.......# #.#
##.....########.##
##...####........


You could see an orc.

Vanquished Creatures
  Jessica (D:2)
  3 bats
  3 endoplasms (D:1)
  3 giant cockroaches
  2 goblins (D:1)
  8 hobgoblins
  12 jackals
  A kobold (D:1)
  A quokka (D:2)
  3 ball pythons (D:1)
  2 frilled lizards (D:1)
  3 rats (D:1)
42 creatures vanquished.

Notes
Turn   | Place    | Note
-------+----------+-------------------------------------------
     0 | D:1      | qw the Tengu Warper began the quest for the Orb.
     0 | D:1      | Reached XP level 1. HP: 12/12 MP: 4/4
     0 | D:1      | 0 ||| qw: Version: 0.1-a-89-g26bdef1
     0 | D:1      | 0 ||| qw: Game counter: 80
     0 | D:1      | 0 ||| qw: Always use a shield: true
     0 | D:1      | 0 ||| qw: God list: Okawaru
     0 | D:1      | 0 ||| qw: Allow faded altars: false
     0 | D:1      | 0 ||| qw: Do Orc after D:15 true
     0 | D:1      | 0 ||| qw: Do second Lair branch before Depths: true
     0 | D:1      | 0 ||| qw: Lair rune preference: random
     0 | D:1      | 0 ||| qw: Plans: Normal
     0 | D:1      | 0 ||| PLANNING D:1-11
    14 | D:1      | 14 ||| Stepping ~*~*~tactically~*~*~ (stealth).
    22 | D:1      | 22 ||| Stepping ~*~*~tactically~*~*~ (stealth).
    27 | D:1      | 27 ||| Stepping ~*~*~tactically~*~*~ (stealth).
    32 | D:1      | Reached XP level 2. HP: 17/17 MP: 6/6
    34 | D:1      | Reached skill level 3 in Axes
   120 | D:1      | 120 ||| Stepping ~*~*~tactically~*~*~ (stealth).
   147 | D:1      | 147 ||| Stepping ~*~*~tactically~*~*~ (stealth).
   292 | D:1      | Found a faded altar of an unknown god.
   407 | D:1      | Reached XP level 3. HP: 19/21 MP: 7/7
   588 | D:1      | 588 ||| DROPPING scroll of blinking.
   589 | D:1      | 589 ||| Stepping randomly (stuck).
   590 | D:1      | 590 ||| Stepping randomly (stuck).
   751 | D:1      | 751 ||| Stepping ~*~*~tactically~*~*~ (stealth).
   755 | D:1      | 755 ||| Stepping ~*~*~tactically~*~*~ (stealth).
   943 | D:1      | Reached skill level 4 in Axes
  1250 | D:1      | 1250 ||| READING 2 scrolls labelled GODGHU LYSH.
  1251 | D:1      | 1251 ||| READING scroll labelled KAELI GORYDUGE.
  1288 | D:2      | 1288 ||| STAIRDANCE
  1364 | D:2      | 1364 ||| STAIRDANCE
  1434 | D:2      | Found Woefy's Weapon Shoppe.
  1442 | D:2      | 1442 ||| SHOPLISTING +0 hand axe of freezing (88 gold, have
                  | 42).
  1442 | D:2      | 1442 ||| BUYING +0 mace (36 gold).
  1442 | D:2      | Bought a +0 mace for 36 gold pieces
  1502 | D:2      | Found an iron altar of Okawaru.
  1537 | D:2      | Became a worshipper of Warmaster Okawaru
  1545 | D:2      | Noticed Jessica
  1552 | D:2      | Killed Jessica
  1553 | D:2      | Reached XP level 4. HP: 12/26 MP: 8/8
  1561 | D:2      | HP: 5/26 [orc/+0 club (2)]
  1562 | D:2      | HP: 2/26 [orc/+0 club (4)]
  1563 | D:2      | Slain by an orc

Levels and vault maps discovered:
D:1:      dpeg_arrival_orchard, layout_basic, ebering_ecumenical_altar_hall,
          minmay_misc_feat_diagonals, kennysheep_pointless_box,
          minmay_crystal_water
D:2:      wander_river, layout_rooms, basic_altar, serial_curves,
          eino_curves_03, eino_curves_03, eino_curves_01, eino_curves_04,
          serial_shops, nicolae_shop_bloodbath_and_beyond, uniq_jessica

Skill      XL: |  1  2  3 |
---------------+----------+-----
Axes           | 3 4 |  4.9
Fighting       | |  2.0
Throwing       | |  1.0
Armour         | |  1.1
Dodging        | |  2.1
Spellcasting   | |  2.0
Translocations | |  2.4

Action                   |  1- 3 |  4- 6 || total
-------------------------+-------+-------++-------
Melee: Hand axe          |    85 |    10 ||    95
       Kick              |    25 |     1 ||    26
       Peck              |    13 |     1 ||    14
Throw: Boomerang         |     7 |       ||     7
  Use: Scroll            |     2 |       ||     2
Armor: Leather armour    |     9 |     2 ||    11
Dodge: Dodged            |    42 |     4 ||    46

Table legend:
 A = Non-vault XP
 B = Vault XP
 C = Vault XP percentage of total XP
 D = Non-vault monster count
 E = Vault monster count
 F = Vault count percentage of total count
                 A         B        C        D         E       F
            +---------+---------+-------+---------+---------+-------
      Total |      74 |      37 |  33.3 |      41 |       1 |   2.4
            +---------+---------+-------+---------+---------+-------
        D:1 |      58 |       0 |   0.0 |      33 |       0 |   0.0
        D:2 |      16 |      37 |  69.8 |       8 |       1 |  11.1
            +---------+---------+-------+---------+---------+-------
